 Dungeon Crawl Stone Soup version 0.27.1-34-g3ba077fa99 (webtiles) character file.

Game seed: 10648183554246721988

119 Romesagentofchaos the Sneak (level 5, -2/35 HPs)
             Began as an Octopode Brigand on Jan 25, 2022.
             Slain by a goblin (7 damage)
             ... led by Robin
             ... on level 3 of the Dungeon.
             The game lasted 00:07:49 (1997 turns).

Romesagentofchaos the Sneak (Octopode Brigand)      Turns: 1997, Time: 00:07:51

Health: -2/35      AC:  1    Str:  7 (9)  XL:     5   Next: 3%
Magic:  5/5        EV: 12    Int: 11 (13) God:
Gold:   174        SH:  3    Dex: 11 (14) Spells: 4/4 levels left

rFire    . . .     SeeInvis .   e - +1 dagger (drain)
rCold    . . .     Faith    .   d - +0 buckler
rNeg     . . .     Spirit   .   (helmet restricted)
rPois    .         Reflect  .   (no amulet)
rElec    .         Harm     .   (no ring)
rCorr    .         Rampage  .   (no ring)
Will     .....                  (no ring)
Stlth    ++++......             (no ring)
HPRegen  0.11/turn              (no ring)
MPRegen  0.09/turn              (no ring)
                                (no ring)
                                (no ring)

@: no status effects
A: almost no armour, amphibious, 8 rings, camouflage 1, gelatinous body 1,
(nimble swimmer 1), tentacles, tentacle spike 1, weak 1
a: no special abilities


You were on level 3 of the Dungeon.
You visited 1 branch of the dungeon, and saw 3 of its levels.

You collected 174 gold pieces.

Inventory:

Hand Weapons
 a - a +2 dagger
 e - a +1 dagger of draining (weapon)
Missiles
 b - 5 poisoned darts (quivered)
 c - 2 curare-tipped darts
Armour
 d - a +0 buckler (worn)
Magical Staves
 f - a staff of air


   Skills:
 + Level 2.4 Fighting
 + Level 2.7 Short Blades
 + Level 2.0 Throwing
 + Level 1.6 Dodging
 + Level 7.3 Stealth
 + Level 0.3 Shields


You had 4 spell levels left.
You didn't know any spells.
Your spell library contained the following spells:

 Spells                   Type           Power      Damage    Failure   Level
 Beastly Appendage        Tmut           0%         N/A       50%         1
 Wereblood                Tmut           0%         N/A       65%         2
 Spider Form              Tmut/Pois      0%         N/A       86%         3


Dungeon Overview and Level Annotations

Branches:
Dungeon (3/15)

Altars:
Xom

Annotations:
D:3 Natasha, Robin


Innate Abilities, Weirdness & Mutations

You cannot wear most types of armour.
You are amphibious.
You can wear up to eight rings at the same time.
Your skin changes colour to match your surroundings (Stealth+).
Your rubbery body absorbs attacks. (AC +1, EV +1)
((You are camouflaged near water. (Stealth+)))
You have tentacles for arms and can constrict up to eight enemies at once.
One of your tentacles bears a spike.
You are weak. (Str -2)


Message History

The goblin is heavily wounded.
You constrict the goblin. The goblin barely misses you.
You release your grip on the goblin.
Robin throws the goblin at you! The goblin hits you but does no damage.
The goblin misses you.
You hit the hobgoblin but do no damage. You drain the hobgoblin.
Your grab misses the hobgoblin.
The hobgoblin is severely wounded.
The hobgoblin hits you.
Natasha casts a spell.
The goblin closely misses you.
You closely miss the hobgoblin. You grab the hobgoblin.
The hobgoblin is severely wounded.
You constrict the hobgoblin. Robin throws the goblin at you!
The hobgoblin closely misses you. The goblin hits you but does no damage.
The goblin hits you with a +0 dagger. The goblin closely misses you.
You hit the hobgoblin but do no damage.
The hobgoblin is almost dead.
You constrict the hobgoblin.
You kill the hobgoblin!
The goblin hits you with a +0 club! The goblin hits you with a +0 club.
* * * LOW HITPOINT WARNING * * *
The goblin hits you with a +0 dagger.
* * * LOW HITPOINT WARNING * * *
The goblin barely misses you.
You barely miss the hobgoblin. You grab the hobgoblin.
You pierce the hobgoblin, but do no damage.
You constrict the hobgoblin, but do no damage.
The goblin barely misses you. x2; The hobgoblin hits you.
* * * LOW HITPOINT WARNING * * *
The goblin closely misses you.
You barely miss the hobgoblin.
You pierce the hobgoblin.
The hobgoblin is heavily wounded.
You constrict the hobgoblin. The goblin closely misses you.
The goblin hits you but does no damage. You block the goblin's attack.
The hobgoblin barely misses you. You block the goblin's attack.
You hit the hobgoblin but do no damage.
You pierce the hobgoblin.
You kill the hobgoblin!
The goblin hits you but does no damage. The goblin misses you.
The goblin hits you with a +0 club!
You die...

.. (. ### . ..# #.
#.# #.##.# #+#
.5gg# #.# #hg# #.#
#g†# ##.##
#.#####g@# #...##
#......gg#
.....##########.##
#........######.#
.....#....†.....#
##.....#.########
#.#.###.#
#.#.....#
#.#######


You could see Robin, Natasha, a shadow imp (summoned), a hobgoblin (strong) and
5 goblins.

Vanquished Creatures
  Natasha (twice) (D:3)
  An adder (D:2)
  2 dart slugs
  4 endoplasms
  4 giant cockroaches
  5 goblins
  8 hobgoblins
  7 jackals
  2 quokkas
  6 ball pythons
  3 bats
  2 frilled lizards
  4 kobolds
  2 rats
52 creatures vanquished.

Notes
Turn   | Place    | Note
-------+----------+-------------------------------------------
     0 | D:1      | Romesagentofchaos the Octopode Brigand began the quest for
                  | the Orb.
     0 | D:1      | Reached XP level 1. HP: 14/14 MP: 1/1
   231 | D:1      | Reached XP level 2. HP: 15/19 MP: 2/2
   731 | D:1      | Reached skill level 6 in Stealth
  1179 | D:2      | Reached XP level 3. HP: 24/24 MP: 3/3
  1354 | D:2      | Found a faded altar of an unknown god.
  1452 | D:2      | Reached XP level 4. HP: 30/30 MP: 4/4
  1462 | D:2      | Found a shimmering altar of Xom.
  1812 | D:3      | Gained mutation: You are weak. (Str -2) [potion of
                  | mutation]
  1812 | D:3      | Gained mutation: One of your tentacles bears a spike.
                  | [potion of mutation]
  1901 | D:3      | Noticed Natasha
  1908 | D:3      | Killed Natasha
  1909 | D:3      | Reached skill level 7 in Stealth
  1948 | D:3      | Noticed Natasha
  1952 | D:3      | Killed Natasha
  1953 | D:3      | Reached XP level 5. HP: 32/35 MP: 5/5
  1983 | D:3      | Noticed Robin
  1989 | D:3      | Noticed Natasha
  1997 | D:3      | Slain by a goblin

Illustrated notes

Levels and vault maps discovered:
D:1:      amcnicky_arrival_double_pillar, layout_loops_cross
D:2:      layout_rooms, hellmonk_ecumenical_altar_crossroads, basic_altar
D:3:      layout_loops_corners, minmay_misc_feat_tiny, grunt_ministairs_9,
          corner_web_ring, uniq_grinder, uniq_natasha, uniq_robin

Skill      XL: |  1  2  3  4 |
---------------+-------------+-----
Stealth        | 6 7 |  7.3
Fighting       | |  2.4
Short Blades   | |  2.7
Throwing       | |  2.0
Dodging        | |  1.6
Shields        | |  0.3

Action                   |  1- 3 |  4- 6 || total
-------------------------+-------+-------++-------
Melee: Dagger            |    81 |    29 ||   110
       Tentacles         |    10 |     5 ||    15
       Constrict         |    14 |     5 ||    19
       Kick              |       |     6 ||     6
Throw: Dart              |       |     3 ||     3
  Use: Potion            |     1 |     3 ||     4
       Scroll            |     2 |       ||     2
 Stab: Sleeping          |    17 |     5 ||    22
Armor: Skin              |     6 |     5 ||    11
Dodge: Dodged            |    45 |    17 ||    62
Block: Buckler           |     4 |     4 ||     8
